Map: Glittering Ashes LE

Players

KriXuS

  • Race: Terran Terran
  • League: Master
  • Spawn Location: 7:00

Hunter - Winner!

  • Race: Zerg Zerg
  • League: Master
  • Spawn Location: 1:00

VOD

Have the link to the VOD?

Description

Time

  • Played on: April 24, 2022, 5:05 p.m.
  • Length: 12:41
Show
View Real Time Build Order
Export as new Build Order

KriXuS Terran 

Build Orders: Reaper Expand 

Get SALT Encoding   

  12  0:00  SCV  
  13  0:12  SCV  
  14  0:16  Supply Depot  
  14  0:24  SCV  
  15  0:38  SCV  
  15  0:40  Barracks  
  16  0:44  Refinery  
  16  0:50  SCV  
  17  1:02  SCV  
  18  1:14  SCV  
  19  1:28  Reaper  
  19  1:30  Orbital Command  
  20  1:45  Command Center  
  20  1:54  Supply Depot  
  20  1:55  SCV  
  20  1:59  Marine  
  22  2:10  SCV  
  22  2:15  Factory  
  23  2:23  Barracks Reactor  
  22  2:38  SCV  
  23  2:50  SCV  
  24  2:56  Command Center  
  24  3:02  SCV  
  25  3:07  Hellion x2  
  25  3:10  Barracks Tech Lab  
  29  3:15  SCV  
  29  3:17  Orbital Command  
  30  3:27  SCV  
  30  3:30  Supply Depot  
  30  3:33  Hellion x2  
  35  3:36  Marine  
  35  3:39  Stimpack  
  35  3:41  SCV  
  37  3:44  SCV  
  38  3:59  SCV x2  
  40  4:06  Marine  
  40  4:07  Barracks  
  40  4:08  SCV, Barracks  
  42  4:11  SCV x2  
  42  4:12  Factory Reactor  
  44  4:23  SCV  
  46  4:27  Marine  
  46  4:28  Orbital Command  
  46  4:29  SCV  
  47  4:32  Refinery  
  47  4:33  Refinery  
  47  4:34  Refinery  
  47  4:35  SCV  
  47  4:41  SCV  
  48  4:46  Supply Depot  
  48  4:47  Marine, SCV  
  46  4:53  SCV  
  46  4:55  Starport, Factory Reactor  
  46  4:56  Marine  
  46  4:57  Marine  
  49  5:00  SCV  
  49  5:05  SCV x2, Engineering Bay  
  49  5:06  Engineering Bay  
  52  5:14  Engineering Bay  
  52  5:15  SCV, Engineering Bay  
  52  5:17  Marine, SCV  
  55  5:23  SCV  
  55  5:24  Marine x2  
  55  5:25  Marine  
  55  5:27  Marine  
  60  5:28  Combat Shield  
  60  5:30  SCV  
  60  5:33  Orbital Command  
  61  5:35  SCV  
  61  5:38  Marine  
  61  5:40  Terran Infantry Armor Level 1, Terran Infantry Weapons Level 1  
  61  5:42  Marine  
  64  5:43  Marine x2  
  64  5:45  Marine, SCV  
  64  5:49  Factory Tech Lab  
  68  5:51  SCV  
  68  5:57  Marine  
  69  5:58  SCV x2  
  69  6:03  SCV  
  73  6:05  Missile Turret  
  73  6:09  Barracks, Siege Tank  
  73  6:10  SCV  
  73  6:11  Barracks  
  77  6:17  Missile Turret  
  77  6:30  Marine  
  77  6:31  Marine  
  77  6:33  SCV  
  77  6:36  Marine  
  77  6:37  Marine  
  75  6:44  SCV  
  53  6:48  Marine  
  53  6:49  Marine  
  51  6:54  Marine x2  
  51  6:57  SCV  
  47  7:06  Marine  
  47  7:07  Marine  
  44  7:11  SCV  
  44  7:12  Marine x2  
  47  7:19  SCV x2  
  47  7:21  Barracks Reactor  
  49  7:23  Marine, SCV, Medivac x2  
  49  7:24  Marine  
  56  7:30  Marine x2  
  56  7:31  SCV x2  
  56  7:35  SCV  
  61  7:51  SCV x3  
  65  7:57  Barracks Reactor  
  64  8:03  Marine, Supply Depot, SCV, Siege Tank  
  64  8:04  Supply Depot  
  69  8:22  SCV x2  
  69  8:23  Supply Depot, Orbital Command  
  69  8:25  Supply Depot  
  63  8:27  Supply Depot  
  63  8:30  Marine  
  61  8:40  Marine  
  56  8:43  SCV  
  56  8:44  SCV  
  56  8:45  Marine  
  56  8:47  Marine  
  56  8:48  Marine x2  
  61  8:54  SCV  
  63  8:58  Marine, SCV  
  63  8:59  Supply Depot  
  63  9:02  Medivac x2  
  69  9:03  Marine  
  69  9:05  Marine x2  
  69  9:06  Marine, SCV  
  74  9:11  Marine  
  74  9:12  Marine  
  74  9:16  Marine  
  77  9:20  Marine  
  77  9:23  Marine x2  
  77  9:24  Marine  
  81  9:29  Marine x2  
  81  9:30  SCV  
  84  9:32  Medivac  
  84  9:34  Marine  
  87  9:38  Marine  
  87  9:41  Marine  
  86  9:59  Marine x4  
  90  10:03  Marine x2  
  90  10:05  Marine  
  93  10:15  SCV  
  93  10:16  Marine, SCV x2  
  93  10:17  Marine x3  
  93  10:21  Marine  
  101  10:35  Marine, SCV  
  101  10:38  SCV  
  94  10:43  Marine  
  94  10:47  SCV  
  94  10:48  Marine x3  
  94  10:49  Marine  
  98  10:55  Marine x2  
  85  11:01  Marine  
  86  11:05  Marine  
  86  11:06  Marine x2  
  86  11:07  Marine  
  83  11:12  Marine  
  83  11:13  Marine  
  83  11:14  Medivac  
  83  11:15  SCV x2  
  83  11:16  SCV  
  89  11:19  Marine  
  89  11:23  Marine  
  89  11:24  Marine x3  
  94  11:27  SCV x2  
  94  11:28  SCV  
  94  11:30  Marine x2  
  97  11:37  Marine  
  97  11:38  Command Center  
  97  11:39  SCV x2  
  100  11:49  Marine  
  101  12:04  Supply Depot x2, Armory  
  101  12:05  Supply Depot  
  101  12:10  Supply Depot  
  101  12:11  Supply Depot  
  101  12:14  Refinery x2  
  101  12:15  Refinery  
  101  12:23  Marine x7, SCV  
Show
View Real Time Build Order
Export as new Build Order

Hunter Zerg - Winner!

Build Orders: Pool First 

Get SALT Encoding   

  12  0:01  Drone  
  13  0:12  Overlord  
  13  0:17  Drone  
  14  0:30  Drone x2  
  16  0:40  Spawning Pool  
  15  0:45  Drone  
  15  0:47  Drone  
  17  1:08  Hatchery  
  16  1:15  Overlord  
  16  1:28  Zergling x6  
  19  1:37  Queen  
  19  1:39  Drone  
  22  1:53  Extractor, Drone  
  22  2:00  Drone  
  23  2:11  Drone  
  23  2:13  Queen  
  26  2:26  Drone x2  
  27  2:37  Drone x2  
  27  2:42  Queen, Drone  
  31  2:46  Drone x4  
  34  2:55  Drone  
  34  2:57  Overlord  
  35  3:05  Hatchery  
  35  3:09  Metabolic Boost  
  34  3:14  Drone  
  34  3:15  Drone  
  36  3:20  Overlord  
  36  3:27  Drone x4  
  36  3:28  Drone  
  41  3:41  Drone x2  
  41  3:44  Lair  
  41  3:46  Extractor  
  42  3:57  Zergling x8  
  46  4:06  Baneling Nest  
  46  4:09  Overlord x2  
  45  4:18  Queen  
  45  4:24  Queen  
  49  4:40  Zergling x30  
  64  4:51  Spore Crawler  
  62  5:00  Centrifugal Hooks  
  62  5:06  Overlord x3  
  62  5:07  Zergling x2  
  62  5:08  Zergling x8  
  62  5:12  Overlord  
  67  5:26  Baneling x3  
  67  5:27  Baneling x9  
  67  5:28  Zergling x2  
  67  5:29  Zergling x12  
  67  5:34  Drone x2  
  76  5:46  Zergling x2  
  76  5:47  Zergling x6  
  76  5:48  Baneling  
  76  5:49  Baneling x4  
  80  6:06  Baneling x4  
  80  6:08  Drone x11  
  77  6:45  Zergling x22  
  74  6:55  Zergling x2  
  74  6:56  Zergling x2  
  74  7:00  Drone x2  
  74  7:08  Drone  
  74  7:09  Drone  
  75  7:16  Extractor, Drone x2  
  75  7:20  Hatchery  
  75  7:21  Evolution Chamber x2  
  72  7:24  Hatchery  
  72  7:25  Drone x3  
  74  7:35  Baneling x17  
  74  7:36  Zergling x2  
  74  7:37  Zergling x16  
  82  7:43  Drone  
  84  7:58  Drone x7  
  91  8:11  Drone x6  
  96  8:21  Overlord x3  
  87  8:38  Drone x8  
  84  8:42  Zerg Ground Armor Level 1  
  84  8:43  Zerg Melee Weapons Level 1  
  84  8:50  Extractor  
  84  8:51  Extractor  
  84  8:53  Extractor  
  84  8:54  Extractor  
  80  9:10  Extractor, Zergling x12  
  80  9:11  Zergling x18  
  80  9:13  Hydralisk Den  
  93  9:23  Overseer x2  
  91  9:24  Zergling x2  
  91  9:25  Zergling x16  
  98  9:31  Baneling  
  98  9:32  Baneling  
  98  9:33  Baneling x7  
  98  9:34  Baneling x3  
  84  10:02  Hatchery  
  84  10:04  Overlord x3  
  83  10:18  Zergling x28  
  83  10:19  Zergling x8  
  99  10:31  Zergling x8  
  99  10:32  Zergling x4  
  99  10:44  Zergling x6  
  99  10:45  Zergling x12  
  82  11:12  Zergling x26  
  94  11:19  Spore Crawler  
  94  11:22  Overlord x3  
  94  11:23  Hydralisk x4  
  101  11:43  Zergling x2  
  101  11:44  Zergling x20  
  112  11:50  Baneling x17  
  112  11:51  Baneling x7  
  112  11:57  Zergling x6  
  112  11:58  Zergling x12  
  121  12:14  Hatchery, Spore Crawler  
Tags
 
Add a new tag
Caveats
  • Supply blocks, unpowered buildings, or Contaminate may cause inaccurate times.
  • Supply counts are checked every 10 seconds.